 Dungeon Crawl Stone Soup version 0.30-a0-341-g682706514a (webtiles) character file.

Game seed: 15675318305307480197

2633 MrRokkomies the Trooper (level 9, -14/84 HPs)
             Began as an Armataur Gladiator on Nov 3, 2022.
             Was a Follower of Qazlal.
             Demolished by a death yak (22 damage)
             ... on level 9 of the Dungeon.
             The game lasted 00:15:49 (8565 turns).

MrRokkomies the Trooper (Armataur Gladiator)        Turns: 8565, Time: 00:15:51

Health: -14/84     AC:  8    Str: 26    XL:     9   Next: 35%
Magic:  13/13      EV: 10    Int:  9    God:    Qazlal [*.....]
Gold:   457        SH:  1    Dex: 11    Spells: 8/8 levels left

rFire   . . .      SeeInvis .    H - +6 morningstar
rCold   . . .      Faith    .    (no shield)
rNeg    . . .      Spirit   .    k - +1 leather armour "Teunk" {rCorr Str+2}
rPois   .          Reflect  .    c - +1 helmet
rElec   .          Harm     .    (no cloak)
rCorr   +          Roll     +    (no gloves)
Will    .....                    (no barding)
Stlth   +.........               (no amulet)
HPRegen 0.34/turn                (no ring)
MPRegen 0.13/turn                (no ring)

@: lethally poisoned (-14 -> -19), marked, studying Throwing, invisible
A: large, rugged brown scales 3, deformed body, armoured tail, roll, long
tongue, awkward tongue
a: Renounce Religion


You were on level 9 of the Dungeon.
You worshipped Qazlal.
Qazlal was aware of your devotion.
You visited 2 branches of the dungeon, and saw 10 of its levels.
You also visited: Sewer.

You collected 457 gold pieces.

Inventory:

Hand Weapons
 a - a +0 quarterstaff
 b - the +8 sling of the Bear {flame, rN+}
   (You found it on level 7 of the Dungeon)

   Any ammunition fired from it burns those it strikes, dealing additional fire
   damage.
   rN:        It protects you from negative energy.
 g - a +2 vorpal trident
 z - the +9 dagger "Butiess" {vorpal, rElec rF- rN++ Int+9}
   (You found it on level 4 of the Dungeon)

   It inflicts extra damage upon your enemies.
   Int:       It affects your intelligence (+9).
   rF:        It makes you vulnerable to fire.
   rElec:     It insulates you from electricity.
   rN:        It greatly protects you from negative energy.
 A - a +4 whip
 H - a +6 morningstar (weapon)
Missiles
 d - 3 throwing nets
 e - 7 javelins
 F - 4 poisoned darts
 G - 6 boomerangs (quivered)
Armour
 c - a +1 helmet (worn)
 h - a +0 chain mail
 k - the +1 leather armour "Teunk" (worn) {rCorr Str+2}
   (You found it on level 2 of the Dungeon)

   Str:       It affects your strength (+2).
   rCorr:     It protects you from acid and corrosion.
 u - a +0 leather armour
Jewellery
 l - a ring of wizardry
Wands
 m - a wand of charming (5)
 o - a wand of roots (24)
 E - a wand of flame (20)
 J - a wand of mindburst (12)
Scrolls
 n - 9 scrolls of teleportation
 q - a scroll of identify
 y - a scroll of amnesia
 C - 5 scrolls of enchant armour
 D - 3 scrolls of blinking
Potions
 f - 4 potions of might
 i - a potion of invisibility
 j - 3 potions of mutation
 r - 2 potions of attraction
 t - 2 potions of ambrosia {unknown}
 v - 3 potions of brilliance
 w - a potion of resistance {unknown}
 x - 2 potions of haste {unknown}
 B - 2 potions of flight {unknown}
 I - a potion of curing


   Skills:
 * Level 7.3 Fighting
 - Level 2.6 Staves
 - Level 4.0 Throwing
 + Level 6.2 Armour
 + Level 4.5 Dodging
 * Level 5.4 Invocations


You had 8 spell levels left.
You didn't know any spells.
Your spell library contained the following spells:

 Spells                   Type           Power      Damage    Failure   Level
 Freeze                   Ice            0%         1d3       41%         1
 Frozen Ramparts          Ice            0%         1d1       80%         3
 Hailstorm                Conj/Ice       0%         3d3       80%         3


Dungeon Overview and Level Annotations

Branches:
Dungeon (9/15)             Temple (1/1) D:6           Sewer (visited)
   Lair: D:8-11         Orc: D:9-12

Altars:
Ashenzari
Cheibriados
Dithmenos
Elyvilon
Fedhas
Gozag
Hepliaklqana
Makhleb
Nemelex Xobeh
Okawaru
Qazlal
Ru
Sif Muna
Trog
Uskayaw
Vehumet
Wu Jian
Xom
Yredelemnul
Zin
The Shining One

Annotations:
D:9 Harold


Innate Abilities, Weirdness & Mutations

You are completely covered in rugged brown scales. (AC +3, +7% HP)
Armour fits poorly on your strangely shaped body.
You have a long armoured tail.
You roll when moving toward enemies. (Rampage)
Your long tongue fully drains potion bottles. (2x potion effects)
Your tongue gives you trouble enunciating. (1.5x scroll delay)


Message History

You kill the ufetubus!
Qazlal accepts your kill.
A kobold comes into view. It is wielding a +0 club.
The kobold hits you but does no damage. The kobold barely misses you.
The kobold moves out of view.
Unknown command.
The air fills with toxic fumes!
As you slowly read the scroll of poison, it crumbles to dust.
The wolf is engulfed in poison gas.
The wolf is poisoned.
The kobold brigand throws a poisoned dart.
The poisoned dart hits you!
You are poisoned.
The wolf looks even sicker.
The wolf is engulfed in poison gas.
The wolf is poisoned.
The wolf closely misses you.
Unknown command.
You slurp down every last drop of the 2 potions of invisibility!
You fade into invisibility!
You feel very sick.
The wolf is engulfed in poison gas.
The wolf looks even sicker.
The wolf is engulfed in poison gas.
The wolf looks even sicker.
You block the wolf's attack.
The yak is engulfed in poison gas.
The yak is poisoned.
The yak is engulfed in poison gas.
The yak is poisoned.
The yak is engulfed in poison gas.
The yak is poisoned.
The wolf is engulfed in poison gas.
The wolf looks as sick as possible!
The wolf bites you!
* * * LOW HITPOINT WARNING * * *
Unknown command.
You hit the death yak.
The death yak is lightly wounded.
You feel sick.
The wolf is engulfed in poison gas.
The wolf looks even sicker.
The wolf bites you.
* * * LOW HITPOINT WARNING * * *
The wolf is engulfed in poison gas.
The wolf looks as sick as possible!
The wolf barely misses you.
The wolf is engulfed in poison gas.
The wolf looks as sick as possible!
The wolf bites you but does no damage.
The yak is engulfed in poison gas.
The yak looks even sicker.
The yak is engulfed in poison gas.
The yak looks even sicker.
The death yak is engulfed in poison gas.
The death yak is poisoned.
The death yak gores you!!
You die...

.....<# ..?# #....Y#
#§5.# #§§§§§§§# #.##.h#
#§§§# #§§§§§§§# #. #Z.#
#§§§###§§§§§§§# #. #.Y#
#§§§.§§§§§§§§§# ≈~≈#5.#
#§§§.§§§§§§§§§# ~≈≈~..#
#§§§§.Y§Y§§§§§##
≈≈~#..###§§§§.§hh§§§§§§§
#.##.KY..§YZ§KKY@§§§§§§§
#. #.....§§§.§§§§§§§§§§§
K #.....§§§K§§§§§§§§§§§
######§§§§§§§§§§§§§§§
#§§§§§§§§§§§§§§§
###§§§§§§§§§§§§§
#§§§§§§§§§§§§§
#§§§§§§§§§§§§§


You could see a death yak (unable to see you, poisoned), 3 yaks, a kobold
brigand (unable to see you), 2 wolves, a white imp (unable to see you), a killer
bee simulacrum (unable to see you) and 2 kobolds.

Vanquished Creatures
  A centaur warrior (D:8)
  An unseen horror (D:8)
  A wraith (D:6)
  2 water moccasins
  3 bullfrogs (D:8)
  2 necrophages
  5 wights (D:8)
  5 killer bees (D:6)
  3 howler monkeys (D:7)
  4 orc priests
  6 hounds
  A jelly (D:8)
  4 orc wizards
  2 iguanas
  5 gnolls
  11 adders
  6 river rats (Sewer)
  2 shadow imps
  2 white imps
  2 ufetubi
  A worm (D:4)
  2 dart slugs (D:2)
  22 orcs
  6 bats
  6 endoplasms
  2 giant cockroaches (D:3)
  6 goblins
  11 hobgoblins
  17 jackals
  A quokka (D:1)
  13 ball pythons
  11 frilled lizards
  4 kobolds
  11 rats
181 creatures vanquished.

Vanquished Creatures (others)
  15 plants
15 creatures vanquished.

Grand Total: 196 creatures vanquished

Notes
Turn   | Place    | Note
-------+----------+-------------------------------------------
     0 | D:1      | MrRokkomies the Armataur Gladiator began the quest for the
                  | Orb.
     0 | D:1      | Reached XP level 1. HP: 18/18 MP: 1/1
    90 | D:1      | Reached skill level 2 in Fighting
   102 | D:1      | Reached XP level 2. HP: 25/25 MP: 2/2
   219 | D:1      | Reached skill level 1 in Armour
   373 | D:1      | Reached XP level 3. HP: 31/31 MP: 3/3
   824 | D:2      | Reached XP level 4. HP: 36/39 MP: 4/4
   919 | D:2      | Identified the +1 leather armour "Teunk" {rCorr Str+2}
  1589 | D:3      | Found a faded altar of an unknown god.
  1630 | D:3      | Reached skill level 3 in Fighting
  1654 | D:3      | Reached XP level 5. HP: 43/48 MP: 5/5
  3165 | D:4      | Identified the +9 dagger "Butiess" {vorpal, rElec rF- rN++
                  | Int+9}
  3193 | D:4      | Found a glowing drain.
  3214 | Sewer    | Entered a sewer
  3228 | Sewer    | Reached XP level 6. HP: 54/55 MP: 6/6
  3642 | Sewer    | Reached skill level 4 in Fighting
  4381 | D:5      | Entered Level 5 of the Dungeon
  4447 | D:5      | Identified the +4 sling "Ocemeny" {drain, rN+}
  4608 | D:5      | Reached XP level 7. HP: 43/64 MP: 7/7
  4871 | D:5      | Found a glowing silver altar of Zin.
  5007 | D:5      | Reached skill level 5 in Fighting
  5536 | D:6      | Found a staircase to the Ecumenical Temple.
  5546 | Temple   | Entered the Ecumenical Temple
  5698 | Temple   | Became a worshipper of Qazlal Stormbringer
  5822 | D:6      | Reached skill level 1 in Invocations
  6189 | D:6      | Reached XP level 8. HP: 67/73 MP: 9/9
  6516 | D:6      | Reached skill level 6 in Fighting
  6516 | D:6      | Reached skill level 5 in Armour
  7319 | D:7      | Identified the +8 sling of the Bear {flame, rN+}
  7693 | D:8      | Reached * piety under Qazlal
  7878 | D:8      | Reached XP level 9. HP: 58/78 MP: 12/12
  7939 | D:8      | Found a hide-covered altar of Uskayaw.
  8263 | D:8      | Killed an unseen horror
  8264 | D:8      | Reached skill level 7 in Fighting
  8264 | D:8      | Reached skill level 5 in Invocations
  8393 | D:8      | Noticed a cyclops
  8393 | D:8      | Noticed a centaur warrior
  8393 | D:8      | Noticed a manticore
  8407 | D:8      | Noticed a troll
  8408 | D:8      | Killed a centaur warrior
  8524 | D:9      | Noticed Harold
  8535 | D:9      | Noticed a death yak
  8535 | D:9      | HP: 4/84 [Harold/+0 hand axe (21)]
  8565 | D:9      | Demolished by a death yak

Illustrated notes

Levels and vault maps discovered:
D:1:      dpeg_arrival_tiny_a, layout_rooms
D:2:      layout_basic, serial_forest, infiniplex_forest_lined_3_way,
          infiniplex_forest_end_2, infiniplex_forest_lined_3,
          infiniplex_forest_lined_3_way, infiniplex_forest_lined_3,
          infiniplex_forest_lined_corner
D:3:      minmay_angry_zag, layout_loops_corners,
          hellmonk_ecumenical_altar_lost_god, nrook_uturn
D:4:      layout_loops_corners, cheibrodos_sewer_entry_sluice,
          serial_bayou_lagoon_a
D:5:      layout_basic, lemuel_doored_altar
D:6:      hellmonk_crumbling_castle, layout_loops_cross,
          minmay_temple_entry_butterflies
D:7:      minmay_general_purpose_star, layout_loops_ring
D:8:      minmay_curly_fans, layout_basic, mainiacjoe_overflow_alcove_1,
          minmay_manual_monstrance
D:9:      layout_long_grid, kennysheep_vampire_church, serial_ice, serial_ice_e,
          serial_ice_b, serial_ice_a, serial_ice_n, serial_ice_l, serial_ice_f,
          serial_ice_d, serial_ice_g, minivault_13, uniq_harold
Temple:   nicolae_temple_bog_church

Skill      XL: |  1  2  3  4  5  6  7  8  9 |
---------------+----------------------------+-----
Throwing       | 2 3 4 |  4.0
Fighting       | 2 3 4 5 6 7 |  7.3
Armour         | 1 2 3 4 5 6 |  6.2
Dodging        | 3 4 |  4.5
Invocations    | 2 4 5 |  5.4
Staves         | |  2.6

Action                   |  1- 3 |  4- 6 |  7- 9 || total
-------------------------+-------+-------+-------++-------
Melee: Quarterstaff      |    85 |   301 |    71 ||   457
       Tailslap          |    10 |    31 |    24 ||    65
       Trident           |       |       |    99 ||    99
       Morningstar       |       |       |    52 ||    52
       Punch             |       |       |     1 ||     1
 Fire: Sling             |       |    11 |       ||    11
Throw: Boomerang         |       |       |     3 ||     3
       Throwing net      |       |       |     1 ||     1
  Use: Scroll            |     2 |    10 |     9 ||    21
       Potion            |       |     2 |    13 ||    15
 Stab: Sleeping          |       |     4 |       ||     4
Armor: Leather armour    |    38 |   127 |   124 ||   289
       Chain mail        |     1 |     2 |       ||     3
Dodge: Dodged            |    60 |   162 |   157 ||   379
Block: Other             |       |       |    12 ||    12

Table legend: (Time is in decaauts)
 A = Elapsed time spent in this place.
 B = Non-inter-level travel time spent in this place.
 C = Inter-level travel time spent in this place.
 D = Time resting spent in this place.
 E = Time spent auto-exploring this place.
 F = Levels seen in this place.
 G = Mean time per level.
                   A        B        C        D        E       F      G
               +--------+--------+--------+--------+--------+-----+--------+
         Total |   8795 |   8557 |    238 |   1150 |   5832 |  11 |  799.5 |
       Dungeon |   7988 |   7781 |    207 |   1042 |   5367 |   9 |  887.6 |
        Temple |    172 |    141 |     31 |      0 |    123 |   1 |  172.0 |
         Sewer |    634 |    634 |      0 |    108 |    341 |   1 |  634.0 |
               +--------+--------+--------+--------+--------+-----+--------+

Top non-repeatable levels by time:
     D:3: 1495 daAuts
     D:6: 1198 daAuts
     D:4: 1015 daAuts
     D:5: 1011 daAuts
     D:7: 904 daAuts
     D:8: 877 daAuts
     D:2: 685 daAuts
     D:1: 679 daAuts
   Sewer: 634 daAuts
  Temple: 172 daAuts
     D:9: 120 daAuts
